 Dungeon Crawl Stone Soup version 0.28-a0-662-g1651b1f1e0 (webtiles) character file.

Game seed: 11930912576833717187

213 Irenicus the Geomancer (level 5, 0/42 HPs)
             Began as a Deep Dwarf Earth Elementalist on Oct 14, 2021.
             Killed by nerve-wracking pain
             ... invoked by a shadow imp
              (8 damage)
             ... on level 5 of the Dungeon.
             The game lasted 00:07:23 (905 turns).

Irenicus the Geomancer (DDEE)                        Turns: 905, Time: 00:07:24

Health: 0/42       AC:  2    Str: 12    XL:     5   Next: 59%
Magic:  0/7        EV: 12    Int: 16    God:
Gold:   68         SH:  0    Dex: 13    Spells: 4/7 levels left

rFire   . . .      SeeInvis .   e - +0 dagger
rCold   . . .      Faith    .   (no shield)
rNeg    . . .      Spirit   .   b - +0 robe
rPois   .          Reflect  .   (no helmet)
rElec   .          Harm     .   (no cloak)
rCorr   .          Rampage  .   (no gloves)
Will    .....                   (no boots)
Stlth   ++........              (no amulet)
HPRegen 0.00/turn               (no ring)
MPRegen 0.10/turn               (no ring)

@: no status effects
A: damage resistance, heal wounds, sense surroundings 1, no regeneration
a: Heal Wounds


You were on level 5 of the Dungeon.
You visited 1 branch of the dungeon, and saw 5 of its levels.

You collected 68 gold pieces.


Innate Abilities, Weirdness & Mutations

You are resistant to damage.
You can heal yourself by infusing magical energy.
You passively map a small area around you.
You do not regenerate.


   Skills:
 - Level 2.1 Dodging
 - Level 2.4 Stealth
 - Level 1.7 Spellcasting
 - Level 0.8 Transmutations
 + Level 8.4 Earth Magic


You had 4 spell levels left.
You knew the following spells:

 Your Spells              Type           Power      Damage    Failure   Level
w - Passwall              Tmut/Erth      13%        N/A       4%          2
z - Sandblast             Erth           56%        2d13      1%          1

Your spell library contained the following spells:

 Spells                   Type           Power      Damage    Failure   Level
 Stone Arrow              Conj/Erth      28%        3d8       11%         3
 Petrify                  Tmut/Erth      16%        N/A       30%         4

Inventory:

Hand Weapons
 e - a +0 dagger (weapon)
Missiles
 a - 17 poisoned darts
 c - 28 stones
Armour
 b - a +0 robe (worn)
 h - a +0 leather armour
Wands
 i - a wand of iceblast (8)
Scrolls
 d - a scroll of immolation
 f - 3 scrolls of identify {@r1}
 j - a scroll of blinking
Miscellaneous
 g - a phial of floods (inert)

Dungeon Overview and Level Annotations

Branches:
Dungeon (5/15)
 Temple: D:4-7

Altars:

Shops:
D:1

: *#. ##...$##
#.######...### *
#.....l.....#* ,*
##..#####.......
#.### ######..,,, ,
##.# **# ,.<# #.##
####### * ..# ##.#
#.....##### #?#
#.##
##@........####.###
* ##l#
#.5...............(
#####.##
##......h....▒#▒#▒#
......#
#...........#.....
##...##
#...........▒.▒.▒.
###.##
##..........).#.#.
#..#
###........▒.▒.▒.
####.#
##.......#.....
#....##
###.....▒#▒#▒#


You could see a hound and a shadow imp.


Message History

* * * LOW HITPOINT WARNING * * *
You hit the shadow imp.
The shadow imp is moderately wounded.
The shadow imp gestures at you.
You struggle to resist.
The orc splashes around in the water.
Casting: Sandblast (safe; 1% risk of failure)
Confirm with . or Enter, or press ? or * to list all spells.
Aiming: Sandblast (safe; 1% risk of failure)
Press: ? - help, Shift-Dir - straight line, f - orc
Aim: an orc, wielding a +0 falchion (waterlogged, 81% to hit)
The blast of sand hits the orc!
You kill the orc!
You hear a splash.
The shadow imp hits you.
* * * LOW HITPOINT WARNING * * *
You aren't carrying any potions.
As you read the scroll labelled LILIFUFIAC, it crumbles to dust.
It is a scroll of identify.
j - a scroll of blinking The shadow imp is no longer waterlogged.
The shadow imp barely misses you.
A hound comes into view.
The hound moves out of view.
Items here: )) ††.
Okay, then.
The shadow imp gestures at you.
You struggle to resist.
The shadow imp gestures at you. Pain shoots through your body!
You die...

Skill      XL: |  1  2  3  4 |
---------------+-------------+-----
Earth Magic    | 5 6 8 |  8.4
Dodging        | |  2.1
Stealth        | |  2.4
Spellcasting   | |  1.7
Transmutations | |  0.8

Action                   |  1- 3 |  4- 6 || total
-------------------------+-------+-------++-------
Melee: Unarmed           |    44 |       ||    44
       Dagger            |    25 |    14 ||    39
Throw: Dart              |       |     1 ||     1
 Cast: Sandblast         |    35 |    15 ||    50
       Passwall          |     1 |       ||     1
 Abil: Heal Wounds       |     2 |     2 ||     4
Evoke: Phial of floods   |       |     2 ||     2
       Wand              |       |     1 ||     1
  Use: Potion            |     1 |       ||     1
       Scroll            |       |     2 ||     2
 Stab: Sleeping          |     2 |       ||     2
Armor: Robe              |    17 |     5 ||    22
Dodge: Dodged            |    61 |    35 ||    96

Levels and vault maps discovered:
D:1:      dpeg_arrival_three_smaller_balls, layout_basic,
          hellmonk_ecumenical_altar_blasted, serial_shops, nicolae_shop_stone,
          corexii_hall_statues_u, kennysheep_decorative_pillar, minivault_27
D:2:      layout_loops_ring, minmay_distorted
D:3:      layout_loops_ring, amcnicky_mini_corridor_feature, dk_noncrumbling_3,
          kennysheep_generic_room_14, uniq_grinder
D:4:      layout_basic, cheibriados_altar_1
D:5:      gammafunk_cloud_chamber, layout_cave_pods,
          minmay_temple_entry_mini_moons, st_stairs_10, minmay_checkerbox

Notes
Turn   | Place    | Note
-------+----------+-------------------------------------------
     0 | D:1      | Irenicus the Deep Dwarf Earth Elementalist began the quest
                  | for the Orb.
     0 | D:1      | Reached XP level 1. HP: 15/15 MP: 3/3
   120 | D:1      | Found a faded altar of an unknown god.
   226 | D:1      | Found Tohaorgha's Book Emporium.
   310 | D:1      | Reached XP level 2. HP: 8/22 MP: 0/4
   384 | D:2      | Reached skill level 5 in Earth Magic
   388 | D:2      | Reached XP level 3. HP: 11/28 MP: 1/5
   563 | D:1      | Learned a level 2 spell: Passwall
   688 | D:3      | Reached skill level 6 in Earth Magic
   742 | D:4      | Reached XP level 4. HP: 34/36 MP: 0/6
   782 | D:5      | Entered Level 5 of the Dungeon
   843 | D:5      | Noticed a phantom
   870 | D:5      | Reached skill level 7 in Earth Magic
   891 | D:5      | Killed a phantom
   892 | D:5      | Reached skill level 8 in Earth Magic
   892 | D:5      | Reached XP level 5. HP: 31/42 MP: 0/7
   905 | D:5      | Killed from afar by a shadow imp

Vanquished Creatures
  A phantom (D:5)
  An iguana (D:5)
  An orc wizard (D:4)
  3 gnolls (D:5)
  2 adders (D:2)
  A shadow imp (D:5)
  An orc (D:5)
  2 giant cockroaches
  5 goblins
  A hobgoblin (D:2)
  8 jackals
  4 kobolds
  A quokka (D:3)
  A ball python (D:1)
  A frilled lizard (D:1)
  2 rats (D:1)
35 creatures vanquished.

Table legend: (Time is in decaauts)
 A = Elapsed time spent in this place.
 B = Non-inter-level travel time spent in this place.
 C = Inter-level travel time spent in this place.
 D = Time resting spent in this place.
 E = Time spent auto-exploring this place.
 F = Levels seen in this place.
 G = Mean time per level.
                   A        B        C        D        E       F      G
               +--------+--------+--------+--------+--------+-----+--------+
         Total |    904 |    886 |     18 |      0 |      0 |   5 |  180.8 |
       Dungeon |    904 |    886 |     18 |      0 |      0 |   5 |  180.8 |
               +--------+--------+--------+--------+--------+-----+--------+

Top non-repeatable levels by time:
     D:1: 568 daAuts
     D:5: 122 daAuts
     D:2: 117 daAuts
     D:4: 53 daAuts
     D:3: 42 daAuts

Table legend:
 A = Non-vault XP
 B = Vault XP
 C = Vault XP percentage of total XP
 D = Non-vault monster count
 E = Vault monster count
 F = Vault count percentage of total count
                 A         B        C        D         E       F
            +---------+---------+-------+---------+---------+-------
      Total |     182 |     123 |  40.3 |      30 |       5 |  14.3
            +---------+---------+-------+---------+---------+-------
        D:1 |      21 |       0 |   0.0 |      13 |       0 |   0.0
        D:2 |      37 |       2 |   5.1 |       7 |       1 |  12.5
        D:3 |       6 |       2 |  25.0 |       3 |       1 |  25.0
        D:4 |      38 |       0 |   0.0 |       2 |       0 |   0.0
        D:5 |      80 |     119 |  59.8 |       5 |       3 |  37.5
            +---------+---------+-------+---------+---------+-------
